 Dungeon Crawl Stone Soup version 0.26.1-11-gd32895ea62 (webtiles) character file.

Game seed: 506527061856771515

91 Zeld the Caller (level 4, -2/25 HPs)
             Began as a Kobold Summoner on June 15, 2021.
             Slain by a killer bee zombie (7 damage)
             ... on level 3 of the Dungeon.
             The game lasted 00:04:37 (4133 turns).

Zeld the Caller (Kobold Summoner)                   Turns: 4133, Time: 00:04:38

Health: -2/25      AC:  2    Str:  5    XL:     4   Next: 87%
Magic:  7/7        EV: 16    Int: 17    God:
Gold:   117        SH:  0    Dex: 15    Spells: 2/8 levels left

rFire    . . .     SeeInvis .   a - +0 short sword
rCold    . . .     Faith    .   (shield restricted)
rNeg     . . .     Spirit   .   b - +0 robe
rPois    .         Reflect  .   (no helmet)
rElec    .         Harm     .   (no cloak)
rCorr    .         Rampage  .   (no gloves)
Will     .....                  (no boots)
Stlth    +++.......             (no amulet)
HPRegen  0.08/turn              (no ring)
MPRegen  0.10/turn              (no ring)

@: no status effects
A: small, nightstalker 3
a: no special abilities


You were on level 3 of the Dungeon.
You visited 1 branch of the dungeon, and saw 3 of its levels.

You collected 117 gold pieces.

Inventory:

Hand Weapons
 a - a +0 short sword (weapon)
Armour
 b - a +0 robe (worn)
Jewellery
 k - an uncursed ring of magical power {unknown}
Scrolls
 e - a scroll of noise {unknown}
 g - a scroll of random uselessness {unknown}
 i - a scroll of blinking {unknown}
 l - a scroll of identify {unknown}
Potions
 c - 3 potions of curing {unknown}
 d - a potion of mutation {unknown}
 f - a potion of heal wounds {unknown}
 h - a potion of magic {unknown}
 j - a potion of degeneration {unknown}


   Skills:
 + Level 1.0 Fighting
 * Level 2.2 Short Blades
 + Level 3.0 Dodging
 + Level 3.5 Stealth
 + Level 2.5 Spellcasting
 * Level 4.6 Summonings


You had 2 spell levels left.
You knew the following spells:

 Your Spells              Type           Power        Failure   Level
a - Summon Small Mammal   Summ           68%          2%          1
b - Call Imp              Summ           17%          4%          2
c - Call Canine Familiar  Summ           17%          9%          3

Your spell library contained the following spells:

 Spells                   Type           Power        Failure   Level
 Summon Guardian Golem    Hex/Summ       10%          22%         3
 Summon Ice Beast         Ice/Summ       10%          56%         4
 Summon Lightning Spire   Summ/Air       10%          56%         4


Dungeon Overview and Level Annotations

Branches:
Dungeon (3/15)

Altars:
Wu Jian
Yredelemnul


Innate Abilities, Weirdness & Mutations

You are small and have problems with some larger weapons.
You are completely attuned to the shadows.


Message History

A killer bee zombie is nearby!
You hit the killer bee zombie.
The killer bee zombie is heavily damaged.
The killer bee zombie hits you.
Your crimson imp blinks!
The killer bee zombie hits you.
You barely miss the killer bee zombie.
The killer bee zombie is heavily damaged.
The killer bee zombie hits you!
* * * LOW HITPOINT WARNING * * *
You are too injured to fight recklessly!
You hit the killer bee zombie.
The killer bee zombie is severely damaged.
The killer bee zombie barely misses you.
The killer bee zombie misses you.
You are too injured to fight recklessly!
A killer bee zombie is nearby!
You are too injured to fight recklessly!
The killer bee zombie hits you!
You die...

#########.
..........
..........
....).....
..........
....@Z5...
..........
..........
....<.....
.........
#########


You could see a killer bee zombie and a friendly crimson imp (summoned).

Vanquished Creatures
  A centaur zombie (D:2)
  An adder (D:2)
  2 dart slugs (D:1)
  2 ball pythons (D:2)
  2 giant cockroaches
  2 hobgoblins
  4 jackals (D:2)
  A quokka (D:2)
  3 bats (D:1)
  2 frilled lizards (D:2)
  4 goblins
  A kobold (D:1)
  5 rats
30 creatures vanquished.

Vanquished Creatures (collateral kills)
  An adder (D:2)
  An ooze (D:1)
  2 leopard geckos (D:1)
  3 bats
  4 goblins
  A hobgoblin (D:1)
  2 jackals (D:2)
  2 frilled lizards
  5 kobolds
  4 rats
25 creatures vanquished.

Vanquished Creatures (others)
  2 plants (D:3)
2 creatures vanquished.

Grand Total: 57 creatures vanquished

Notes
Turn   | Place    | Note
-------+----------+-------------------------------------------
     0 | D:1      | Zeld the Kobold Summoner began the quest for the Orb.
     0 | D:1      | Reached XP level 1. HP: 10/10 MP: 3/3
   418 | D:1      | Reached XP level 2. HP: 15/15 MP: 3/5
   441 | D:1      | Learned a level 2 spell: Call Imp
   497 | D:1      | Reached skill level 1 in Short Blades
  1370 | D:1      | Reached XP level 3. HP: 9/20 MP: 2/6
  1374 | D:1      | Learned a level 3 spell: Call Canine Familiar
  2473 | D:2      | Reached XP level 4. HP: 8/24 MP: 1/7
  2775 | D:2      | Reached skill level 1 in Fighting
  3888 | D:2      | Found a basalt altar of Yredelemnul.
  4061 | D:2      | Found an ornate altar of the Wu Jian Council.
  4065 | D:2      | Noticed a spectral centipede
  4065 | D:2      | Noticed a spectral black mamba
  4065 | D:2      | Noticed a spectral cane toad
  4133 | D:3      | Slain by a killer bee zombie

Illustrated notes

Levels and vault maps discovered:
D:1:      kilobyte_arrival_exit_the_forest, layout_basic,
          minmay_misc_feat_more_columns
D:2:      layout_loops_ring, lemuel_coloured_pillars_altar,
          pdpol_wu_jian_five_deadly_venoms, minmay_quantized
D:3:      layout_rooms, serial_bayou_pond_c

Skill      XL: |  1  2  3  4 |
---------------+-------------+-----
Short Blades   | 1 2 |  2.2
Stealth        | 3 |  3.5
Fighting       | 1 |  1.0
Dodging        | 3 |  3.0
Spellcasting   | |  2.5
Summonings     | |  4.6

Action                   |  1- 3 |  4- 6 || total
-------------------------+-------+-------++-------
Melee: Short sword       |    81 |    75 ||   156
 Cast: Summon Small Mamm |    19 |     1 ||    20
       Call Imp          |    19 |    12 ||    31
 Stab: Distracted        |     1 |       ||     1
       Sleeping          |     3 |     6 ||     9
Armor: Robe              |     9 |    15 ||    24
Dodge: Dodged            |    91 |   109 ||   200
